cohdb
Replays
Latest Replays
All Replays
Popular Replays
Top Player Replays
Match Explorer
How It Works
Community
CoH3 Stats
Reddit
Sign in to upload your games and track your stats! →
Sign in with Steam
Match 45486897
Unlisted
Match 45486897
Overview
Messages
Build Orders
End
Kettenkrad Recon Vehicle
Construct Infanterie Kompanie
Selects Terror Battlegroup
Grenadier Squad
Selects Machine Gun Camouflage
Grenadier Squad
Grenadier Squad
Medical Station
Construct Luftwaffe Kompanie
Support Elements
MG 42 Machine Gun Team
Wirbelwind Flakpanzer
Erwin Rommel
Sad Pepe
0
0
Comments
sign in to comment!
No comments posted yet!